 Dungeon Crawl Stone Soup version 0.30.0-19-g36f170ea60 (webtiles) character file.

Game seed: 2451836586048233858

1339 jasper the Scholar of Death (level 8, -10/52 HPs)
             Began as a Demonspawn Necromancer on May 26, 2023.
             Was a Follower of Kikubaaqudgha.
             Killed from afar by a steam dragon (16 damage)
             ... with a ball of steam
             ... on level 6 of the Dungeon.
             The game lasted 00:09:57 (5511 turns).

jasper the Scholar of Death (DsNe)                  Turns: 5511, Time: 00:09:58

Health: -10/52     AC: 12    Str:  9    XL:     8   Next: 35%
Magic:  3/11       EV: 11    Int: 18    God:    Kikubaaqudgha [*.....]
Gold:   246        SH: 10    Dex: 14    Spells: 1/12 levels left

rFire   . . .        y - +8 whip "Snakebite" {venom, curare, rPois}
rCold   . . .        k - +1 buckler
rNeg    . . .        u - +1 robe {Will+}
rPois   +            q - +2 hat
rElec   .            x - +0 cloak
rCorr   .            m - +3 pair of gauntlets of War {Slay+5}
SInv    .            t - +1 pair of boots
Will    +....        (no amulet)
Stlth   ++           (no ring)
HPRegen 0.28/turn    (no ring)
MPRegen 0.12/turn

%: no passive effects
@: no status effects
A: horns 1, large bone plates 1, spiny 1
a: Renounce Religion, Unearth Wretches


You were on level 6 of the Dungeon.
You worshipped Kikubaaqudgha.
Kikubaaqudgha was aware of your devotion.
You visited 2 branches of the dungeon, and saw 7 of its levels.

You collected 246 gold pieces.

Inventory:

Hand Weapons
 d - a +0 short sword of flaming
 h - a +1 whip of electrocution
 y - the +8 whip "Snakebite" (weapon) {venom, curare, rPois}
   (You found it on level 4 of the Dungeon)

   rPois:     It protects you from poison.
Armour
 a - a +0 robe
 k - a +1 buckler (worn)
 m - the +3 pair of gauntlets of War (worn) {Slay+5}
   (You acquired it on level 5 of the Dungeon)

   Slay:      It affects your accuracy & damage with ranged weapons and melee
   (+5).
 q - a +2 hat (worn)
 t - a +1 pair of boots (worn)
 u - a +1 robe of willpower (worn)
 x - a +0 cloak (worn)
Magical Staves
 i - a staff of earth
Jewellery
 A - a +6 ring of dexterity
Wands
 j - a wand of flame (42)
Scrolls
 c - 5 scrolls of noise
 l - 3 scrolls of teleportation
 v - 2 scrolls of magic mapping
 w - 2 scrolls of amnesia
Potions
 b - a potion of magic
 e - 2 potions of curing
 f - a potion of attraction
 g - a potion of might
 n - a potion of cancellation {unknown}
 r - a potion of berserk rage {unknown}
 z - a potion of heal wounds {unknown}


   Skills:
 - Level 2.0 Dodging
 - Level 2.0 Stealth
 - Level 5.2 Shields
 - Level 2.5 Spellcasting
 + Level 4.2 Conjurations
 - Level 7.0 Necromancy
 + Level 3.8 Earth Magic


You had one spell level left.
You knew the following spells:

 Your Spells              Type           Power      Damage    Failure   Level
a - Necrotise             Necr           100%       1d9       1%          1
b - Vampiric Draining     Necr           27%        2d7       4%          3
c - Animate Dead          Necr           27%        N/A       14%         4
d - Stone Arrow           Conj/Erth      32%        3d9       14%         3

Your spell library contained the following spells:

 Spells                   Type           Power      Damage    Failure   Level
 Kiss of Death            Conj/Necr      88%        2d12      2%          1
 Sandblast                Erth           32%        2d9       4%          1
 Sublimation of Blood     Necr           27%        N/A       1%          2
 Passwall                 Tmut/Erth      7%         N/A       17%         2
 Ensorcelled Hibernation  Hex/Ice        4%         N/A       36%         2
 Poisonous Vapours        Pois/Air       4%         N/A       36%         2
 Agony                    Necr           27%        N/A       36%         5
 Mephitic Cloud           Conj/Pois/Air  7%         N/A       38%         3
 Anguish                  Hex/Necr       7%         N/A       50%         4
 Spider Form              Tmut/Pois      2%         N/A       58%         3
 Freezing Cloud           Conj/Ice/Air   3%         6-21      98%         5


Dungeon Overview and Level Annotations

Branches:
Dungeon (6/15)             Temple (1/1) D:5

Altars:
Ashenzari
Fedhas
Gozag
Hepliaklqana
Kikubaaqudgha
Makhleb
Okawaru
Qazlal
Ru
Trog
Uskayaw
Vehumet
Wu Jian
Xom
Yredelemnul

Annotations:
D:5 2 transporters, bitcoinman's ghost, novice MiBe


Innate Abilities, Weirdness & Mutations

You have a pair of small horns on your head.
You are partially covered in large bone plates. (SH +4)
You are partially covered in sharp spines.


Message History

You feel life coursing into your body.
You are engulfed in a cloud of scalding steam.
You block the scorpion's attack.
Your Conjurations skill increases to level 4!
You now have 2/11 mp.
You closely miss the scorpion.
The scorpion is engulfed in a cloud of scalding steam.
You block the scorpion's attack.
The orc priest is engulfed in a cloud of scalding steam.
You whack the scorpion!
You kill the scorpion!
Kikubaaqudgha accepts your kill.
You hit the orc priest.
The orc priest is poisoned.
The orc priest is heavily wounded.
You block the orc priest's attack.
You hit the orc priest.
The orc priest looks as sick as possible! x2
The orc priest convulses.
The orc priest seems to slow down.
Your headbutt misses the orc priest.
The orc priest is almost dead.
You kill the orc priest!
Kikubaaqudgha accepts your kill. The steam dragon breathes steam at you.
The ball of steam hits you!
You take 7 damage, and have 18/52 hp.
You are engulfed in a cloud of scalding steam.
* * * LOW HITPOINT WARNING * * *
The steam dragon completely misses you.
The steam dragon claws you but does no damage.
Items here: )))) [ ††††.
You take 13 damage, and have 5/52 hp.
MASSIVE DAMAGE!!
You hit the steam dragon.
The steam dragon is poisoned.
You headbutt the steam dragon.
The steam dragon is moderately wounded.
The steam dragon bites you but does no damage.
You block the steam dragon's attack. The steam dragon breathes steam at you.
The ball of steam hits you!
You die...
Kikubaaqudgha rasps: "You have failed me!
Welcome... death!"

#....................#
.....................###
........................
###.#####............#
#. #.......#....# ##
####.........######
######..........
########..........
#...§.§@D.........
......§§###....######
.###....# #....#
#....##.........
#....##......)..
......##§..).....#
.##...............#
#....##.........#
#....ooo..


You could see a steam dragon (very poisoned, catching breath).

Vanquished Creatures
  2 water moccasins
  An ice beast (D:5)
  A centaur (D:5)
  A phantom (D:5)
  A bullfrog (D:5)
  5 scorpions
  An orc priest (D:6)
  A gnoll bouda (D:4)
  Crazy Yiuf (D:4)
  5 iguanas
  3 orc wizards
  12 gnolls
  7 adders
  3 white imps
  16 orcs
  8 endoplasms
  4 giant cockroaches
  7 goblins
  7 hobgoblins
  10 jackals
  8 kobolds
  4 quokkas
  3 ball pythons
  2 bats
  5 frilled lizards (D:1)
118 creatures vanquished.

Vanquished Creatures (collateral kills)
  An adder (D:2)
  2 rats
3 creatures vanquished.

Vanquished Creatures (others)
  An orc wizard (D:6)
  An orc (D:6)
2 creatures vanquished.

Grand Total: 123 creatures vanquished

Notes
Turn   | Place    | Note
-------+----------+-------------------------------------------
     0 | D:1      | jasper the Demonspawn Necromancer began the quest for the
                  | Orb.
     0 | D:1      | Reached XP level 1. HP: 13/13 MP: 3/3
   287 | D:1      | Gained mutation: You have a pair of small horns on your
                  | head. [demonic ancestry]
   287 | D:1      | Reached XP level 2. HP: 19/19 MP: 0/5
   612 | D:1      | Reached skill level 5 in Necromancy
   839 | D:1      | Reached XP level 3. HP: 24/24 MP: 4/6
   845 | D:1      | Learned a level 3 spell: Vampiric Draining
  1556 | D:2      | Identified the +1 battleaxe of Uncertain Death {freeze,
                  | rElec Str+5}
  1666 | D:2      | Reached XP level 4. HP: 30/30 MP: 1/7
  1780 | D:2      | Reached skill level 6 in Necromancy
  2396 | D:3      | Found an ornate altar of the Wu Jian Council.
  2444 | D:3      | Noticed a scorpion
  2459 | D:3      | Killed a scorpion
  2460 | D:3      | Reached skill level 7 in Necromancy
  2460 | D:3      | Reached XP level 5. HP: 35/35 MP: 8/8
  2465 | D:3      | Learned a level 4 spell: Animate Dead
  3047 | D:4      | Reached skill level 1 in Shields
  3149 | D:4      | Found a hazy altar of Hepliaklqana.
  3175 | D:4      | Gained mutation: You are partially covered in large bone
                  | plates. (SH +4) [demonic ancestry]
  3175 | D:4      | Reached XP level 6. HP: 28/41 MP: 1/9
  3702 | D:4      | Found a shimmering altar of Xom.
  3893 | D:4      | Found a hide-covered altar of Uskayaw.
  4018 | D:4      | Found a runed translucent door.
  4019 | D:4      | Noticed Crazy Yiuf
  4021 | D:4      | Found the +8 whip "Snakebite" {venom, curare, rPois}
  4027 | D:4      | Killed Crazy Yiuf
  4101 | D:5      | Entered Level 5 of the Dungeon
  4259 | D:5      | Found a staircase to the Ecumenical Temple.
  4274 | Temple   | Entered the Ecumenical Temple
  4274 | Temple   | Noticed a hellwing
  4275 | Temple   | Noticed Kafidy the pandemonium lord
  4275 | Temple   | Noticed Aseuratuwo the pandemonium lord
  4275 | Temple   | Noticed a hellwing
  4276 | Temple   | Noticed a hellion
  4305 | Temple   | Noticed Ejocikh the pandemonium lord
  4322 | Temple   | Noticed Suozassi the pandemonium lord
  4323 | Temple   | Noticed a balrug
  4324 | Temple   | Noticed an ice devil
  4331 | Temple   | Noticed Xova the pandemonium lord
  4333 | Temple   | Noticed a rust devil
  4335 | Temple   | Noticed a sun demon
  4350 | Temple   | Noticed an Executioner
  4350 | Temple   | Noticed Xekkenez the pandemonium lord
  4351 | Temple   | Noticed a shadow demon
  4377 | Temple   | Became a worshipper of Kikubaaqudgha
  4451 | D:5      | Reached XP level 7. HP: 35/46 MP: 3/10
  4541 | D:5      | Reached skill level 5 in Shields
  4545 | D:5      | Learned a level 3 spell: Stone Arrow
  4642 | D:5      | Reached skill level 1 in Conjurations
  4642 | D:5      | Reached skill level 1 in Earth Magic
  4687 | D:5      | Found an iron altar of Okawaru.
  4688 | D:5      | Noticed bitcoinman's ghost (novice MiBe)
  4784 | D:5      | Found a transporter.
  4826 | D:5      | Identified the +5 plate armour "Nubiusif" {Harm rElec rCorr
                  | Slay-3}
  4877 | D:5      | Gained mutation: You are partially covered in sharp spines.
                  | [demonic ancestry]
  4877 | D:5      | Reached XP level 8. HP: 45/52 MP: 11/11
  4923 | D:5      | Found a transporter.
  5246 | D:5      | Identified a scroll of acquirement
  5246 | D:5      | Acquired the +3 pair of gauntlets of War {Slay+5}
  5246 | D:5      | Found the +3 pair of gauntlets of War {Slay+5}
  5500 | D:6      | Reached * piety under Kikubaaqudgha
  5500 | D:6      | Received a gift from Kikubaaqudgha
  5511 | D:6      | Killed from afar by a steam dragon

Illustrated notes

Levels and vault maps discovered:
D:1:      shiori_arrival_maze, layout_loops_ring
D:2:      layout_basic, minmay_crystal_room
D:3:      layout_basic, nzn_wu_jian_contemplation, grunt_ministairs_9,
          kennysheep_generic_room_14
D:4:      layout_loops_ring, kennysheep_mini,
          mainiacjoe_overflow_catch_the_wave, chequers_decorated_corner,
          minivault_27, chequers_arboretum, chequers_serial_rivers_micro_e,
          eino_tiny_chamber, uniq_crazy_yiuf_cottage
D:5:      layout_basic, okawaru_metal_pillars_1_2, temple_pool_b,
          gammafunk_ghost_smash
D:6:      dreamdust_elfheim, layout_rooms, enter_ossuary_4,
          kennysheep_generic_room_12
Temple:   nicolae_temple_panitentiary

Skill      XL: |  1  2  3  4  5  6  7  8 |
---------------+-------------------------+-----
Dodging        | 2 |  2.0
Stealth        | 2 |  2.0
Necromancy     | 5 7 |  7.0
Shields        | 2 4 5 |  5.2
Conjurations   | 2 4 |  4.2
Earth Magic    | 2 3 |  3.8
Spellcasting   | |  2.5

Action                     |  1- 3 |  4- 6 |  7- 9 || total
---------------------------+-------+-------+-------++-------
  Melee: Unarmed           |    10 |       |       ||    10
         Short sword       |     3 |       |       ||     3
         Whip              |     8 |   100 |    68 ||   176
         Headbutt          |     1 |    13 |    10 ||    24
   Cast: Necrotise         |    53 |    40 |     1 ||    94
         Vampiric Draining |       |    13 |     4 ||    17
    Use: Scroll            |     3 |     6 |     6 ||    15
         Potion            |       |     1 |       ||     1
   Stab: Sleeping          |     2 |     1 |     2 ||     5
 Armour: Robe              |     4 |    28 |    19 ||    51
  Dodge: Dodged            |    10 |    61 |    22 ||    93
  Block: Buckler           |     1 |    38 |    30 ||    69
